[Event "NSV chessemy IM 2022"]
[Site "Braunschweig"]
[Date "2022.08.07"]
[Round "9.3"]
[White "Sumets, Andrey"]
[Black "von Mettenheim, Johannes"]
[Result "1-0"]
[ECO "A30"]
[WhiteElo "2542"]
[BlackElo "2253"]
[Annotator "TA"]
[PlyCount "81"]
[EventDate "2022.07.30"]
[EventType "tourn"]
[EventCountry "GER"]
[SourceTitle "playchess.com"]
[Source "ChessBase"]
[SourceQuality "1"]
[TimeControl "40/5400+30:1800+30"]

1. Nf3 Nf6 2. c4 e6 3. Nc3 c5 4. g3 b6 5. Bg2 Bb7 6. O-O a6 7. d4 cxd4 8. Qxd4 d6 9. Rd1 Nbd7 10. Bg5 Be7 11. Qd2 O-O 12. Bf4 Ne8 13. Rac1 Rc8 14. b3 Ndf6 {[%emt 0:10:01] A30: Symmetrical English: Double Fianchetto and Hedgehog.} 15. h3 {[%emt 0:05:01] [#]} Rc7 $146 ({Predecessor:} 15... d5 16. Ne5 Bb4 17. Qe3 Bc5 18. Qd3 Nc7 19. Na4 Ba3 20. Rc2 b5 21. Nb6 bxc4 22. bxc4 dxc4 23. Nexc4 Qxd3 24. Rxd3 Bxg2 25. Kxg2 Nb5 26. Nxc8 Rxc8 27. Nxa3 {1-0 (27) Valdes Romero,L (2402)-Nithyalakshmi,S (1945) Chess.com INT 2020}) 16. Be3 {[%emt 0:01:33] White is more active.} Nd7 {[%emt 0:00:17] White is slightly better.} 17. a4 Nc5 18. Qa2 Qc8 19. Bf4 Nd7 20. e4 Nef6 21. Qc2 Qa8 22. Ne1 Ne5 23. Be3 Nfd7 24. f4 Nc6 25. Nd3 Nc5 26. Rb1 Na5 27. Nf2 Rfc8 28. Bf1 Nd7 29. h4 d5 $2 {[%emt 0:01:28] This costs Black the game.} (29... Qb8 $14) 30. exd5 $18 exd5 {[%emt 0:00:52] [#]} 31. Qf5 $1 ({Avoid the trap} 31. Nxd5 $2 Bxd5 32. Bh3 (32. Rxd5 $2 Qxd5 33. Qxh7+ Kxh7 $19) 32... Bc6 $19) 31... g6 32. Qh3 Nxb3 $2 (32... Nf6 {was worth a try.}) 33. Rxb3 dxc4 34. Rbb1 Nc5 (34... Bf6 {was necessary.} 35. Rxd7 Bxc3 36. Rxc7 Rxc7 37. Bxb6 Rc8) 35. Rxb6 {[%emt 0:01:41] [#] Hoping for h5.} Bf3 36. Bg2 Bf8 37. Qh1 Qa7 38. Rdb1 Bxg2 (38... Re8 $142) 39. Qxg2 {[%emt 0:00:06] White is clearly winning.} Bg7 40. Nd5 Rd7 41. Bxc5 {[%emt 0:33:16] Weighted Error Value: White=0.22 (precise) /Black=0.59} 1-0

[Event "NSV chessemy IM 2022"]
[Site "Braunschweig"]
[Date "2022.08.07"]
[Round "9.4"]
[White "Sriram, Jha"]
[Black "Colbow, Collin"]
[Result "1/2-1/2"]
[ECO "E46"]
[WhiteElo "2361"]
[BlackElo "2325"]
[Annotator "RC"]
[PlyCount "27"]
[EventDate "2022.07.30"]
[EventType "tourn"]
[EventCountry "GER"]
[SourceTitle "playchess.com"]
[Source "ChessBase"]
[SourceQuality "1"]
[TimeControl "40/5400+30:1800+30"]

1. d4 Nf6 2. c4 e6 3. Nc3 Bb4 4. e3 O-O 5. Nge2 Re8 6. a3 Bf8 7. e4 d5 8. e5 Nfd7 9. h4 c5 10. Bg5 Qb6 11. cxd5 cxd4 12. Nxd4 exd5 13. Be2 Nxe5 14. O-O 1/2-1/2

[Event "NSV chessemy IM 2022"]
[Site "Braunschweig"]
[Date "2022.08.07"]
[Round "9.5"]
[White "Pubantz, Jan"]
[Black "Knuedel, Torben"]
[Result "1-0"]
[ECO "E05"]
[WhiteElo "2269"]
[BlackElo "2210"]
[Annotator "NA RC"]
[PlyCount "81"]
[EventDate "2022.07.30"]
[EventType "tourn"]
[EventCountry "GER"]
[SourceTitle "playchess.com"]
[Source "ChessBase"]
[SourceQuality "1"]
[TimeControl "40/5400+30:1800+30"]

1. d4 Nf6 2. c4 e6 3. g3 d5 4. Bg2 Be7 5. Nf3 O-O 6. O-O dxc4 7. Qc2 a6 8. a4 Bd7 9. Rd1 Bc6 10. Nc3 a5 11. e4 Na6 12. Ne5 Nb4 13. Qe2 Qc8 14. Be3 Nd7 15. Nxc4 b6 16. Rac1 Bb7 17. Nb5 Na2 18. Ra1 Nb4 19. Bf4 Ba6 20. Nxc7 e5 21. Nxa6 Qxa6 22. Bxe5 Nxe5 23. dxe5 Nc6 24. Bf1 Bc5 25. Rd5 f5 26. Nd6 Qxe2 27. Bxe2 f4 28. Bc4 Kh8 29. e6 fxg3 30. Nf7+ Rxf7 31. exf7 gxf2+ 32. Kg2 g6 33. Rxc5 bxc5 34. Bd5 Rf8 35. Bxc6 Rxf7 36. Rf1 Rc7 37. Bd5 c4 38. Rxf2 c3 39. bxc3 Rxc3 40. e5 Rd3 41. e6 1-0